[Event "58th Akiba Rubinstein D 2022"]
[Site "Polanica-Zdroj"]
[Date "2022.08.14"]
[Round "2.22"]
[White "Gbiorczyk, Mikolaj"]
[Black "Karalchuk, Aliaksei"]
[Result "1-0"]
[ECO "A85"]
[WhiteElo "1781"]
[BlackElo "1468"]
[Annotator "NA RC"]
[PlyCount "88"]
[EventDate "2022.08.13"]
[EventCountry "POL"]
[SourceTitle "playchess.com"]
[Source "ChessBase"]
[SourceQuality "1"]
[TimeControl "40/5400+30:1800+30"]

1. d4 f5 2. c4 Nf6 3. Nc3 e6 4. a3 b6 5. Nf3 Bb7 6. g3 Nc6 7. Bg2 Be7 8. O-O O-O 9. b4 Ne4 10. Bb2 Bf6 11. Nxe4 fxe4 12. Ne1 d5 13. e3 Ne7 14. Qb3 a5 15. b5 a4 16. Qc3 dxc4 17. Qxc4 Bd5 18. Qc2 Ra5 19. Rb1 Rxb5 20. Qxa4 Rb3 21. Nc2 b5 22. Qa6 Qa8 23. Nb4 Bc4 24. Qxa8 Rxa8 25. Bxe4 Bxf1 26. Bxa8 c5 27. Kxf1 cxb4 28. axb4 Nd5 29. Bxd5 exd5 30. Ke2 Rxb4 31. Kd3 Ra4 32. Bc3 b4 33. Rxb4 Ra2 34. Rb2 Ra3 35. Rb5 Ra2 36. Bd2 Ra3+ 37. Ke2 Kf7 38. Rxd5 Ke6 39. Ra5 Rb3 40. g4 h6 41. Kf3 Bxd4 42. Ke4 Bf6 43. Kf3 Bd4 44. Ke4 Bf6 1-0

[Event "58th Akiba Rubinstein D 2022"]
[Site "Polanica-Zdroj"]
[Date "2022.08.14"]
[Round "2.23"]
[White "Para, Tomasz"]
[Black "Pietryk, Joanna"]
[Result "0-1"]
[ECO "A45"]
[WhiteElo "1796"]
[BlackElo "1417"]
[Annotator "NA RC"]
[PlyCount "90"]
[EventDate "2022.08.13"]
[EventCountry "POL"]
[SourceTitle "playchess.com"]
[Source "ChessBase"]
[SourceQuality "1"]
[TimeControl "40/5400+30:1800+30"]

1. d4 Nf6 2. Bf4 d5 3. e3 c6 4. Bd3 Qb6 5. b3 Bg4 6. f3 Bh5 7. g4 Bg6 8. h4 e6 9. h5 Bxd3 10. Qxd3 h6 11. Nd2 Nbd7 12. Kf1 c5 13. c3 cxd4 14. exd4 Bd6 15. Bxd6 Qxd6 16. c4 O-O 17. Nh3 e5 18. c5 Qc7 19. Rc1 Rfe8 20. dxe5 Qxe5 21. f4 Qe3 22. Qxe3 Rxe3 23. Nf2 Rae8 24. g5 hxg5 25. fxg5 Ne4 26. Ndxe4 dxe4 27. c6 bxc6 28. Rxc6 Ne5 29. Rc7 Nd3 30. Rc2 Re1+ 31. Kg2 Nf4+ 32. Kg3 Rxh1 33. Nxh1 e3 34. Kxf4 e2 35. Rc1 e1=Q 36. Rxe1 Rxe1 37. Ng3 Ra1 38. Ne4 Rxa2 39. Nc5 Rc2 40. Ne4 Rb2 41. Nc5 f6 42. gxf6 Rf2+ 43. Kg5 Rxf6 44. Nd7 Rd6 45. Ne5 Rb6 0-1

[Event "58th Akiba Rubinstein D 2022"]
[Site "Polanica-Zdroj"]
[Date "2022.08.14"]
[Round "2.24"]
[White "Pieczulis, Hubert"]
[Black "Liskiewicz, Jakub"]
[Result "0-1"]
[ECO "B07"]
[WhiteElo "1472"]
[BlackElo "1910"]
[Annotator "TA"]
[PlyCount "88"]
[EventDate "2022.08.13"]
[EventCountry "POL"]
[SourceTitle "playchess.com"]
[Source "ChessBase"]
[SourceQuality "1"]
[TimeControl "40/5400+30:1800+30"]

1. e4 Nf6 2. Nc3 d6 3. d4 g6 4. f3 Bg7 5. Be3 c6 6. Qd2 h5 7. Nge2 {[%emt 0:01:32] B07: Pirc Defence: Miscellaneous Systems.} Nbd7 8. O-O-O (8. a4 $14) 8... b5 9. e5 {[%emt 0:03:29] White is slightly better.} b4 $1 10. exf6 bxc3 11. Nxc3 Nxf6 {[%emt 0:00:12] [#]} 12. h3 $146 ({White should play} 12. Bc4 $1 $14) ({Predecessor:} 12. Bc4 d5 13. Bb3 Qa5 14. Rhe1 e6 15. Kb1 Kf8 16. Bg5 Qc7 17. Na4 a5 18. Bf4 {1-0 (51) Banikas,H (2526)-Moutousis,K (2448) Athens 2001}) 12... Rb8 13. Bc4 h4 14. Rhe1 Kf8 15. Ne4 (15. Bg5 $14) 15... a5 16. Nxf6 Bxf6 17. Bh6+ Kg8 18. Bg5 Qb6 (18... d5 $11 19. Bxf6 exf6) 19. b3 $14 {[%emt 0:01:04] [#] Bxf6 is the strong threat.} Kg7 20. Rxe7 Bxe7 21. Bxe7 d5 $1 22. Qg5 Rh5 (22... dxc4 $2 23. Bf6+ Kf8 24. Bxh8 $18) ({Better is} 22... Kg8 $1 $14 23. Bc5 Qc7) 23. Qf6+ $18 Kg8 24. Bd3 (24. Bc5 $18 Qc7 25. Bd6) 24... Bf5 $14 25. Bxf5 Rxf5 26. Qxh4 Rh5 27. Qf4 Re8 28. Bd6 (28. Qd6 $14) 28... Re2 (28... a4 $11) 29. Rd2 $1 Rf5 (29... Re1+ $14 30. Kb2 Re6) 30. Qh4 (30. Qh6 $16 {Intending Bf8 and mate.} Re8 31. a4 (31. Be5 Rexe5 32. dxe5 Qg1+ 33. Kb2 Qe1 $14)) 30... Re6 (30... Rh5 $1 $11 {feels stronger.} 31. Qf4 Re6) 31. Bc5 Qb8 32. Qf2 Qe8 (32... a4 $11) 33. Kd1 (33. a4 $1 $14 {is more appropriate.}) 33... Rff6 (33... a4 $5) 34. c4 $2 (34. a4 $14 {stays ahead.}) 34... Re3 {[%emt 0:01:13] aiming for ...Rfe6.} 35. Re2 {[%emt 0:01:30] [#]} Rxe2 36. Qxe2 $19 {[%emt 0:00:06][%mdl 4096] Endgame KQR-KQB} Re6 37. Qf2 Qb8 {[%emt 0:01:04] Strongly threatening ...dxc4.} 38. cxd5 cxd5 39. Qh4 $2 (39. Qf1) 39... Qb5 {[%emt 0:02:26] ( -> ...Qf1+)} 40. Qd8+ Re8 41. Qxd5 Qf1+ {[%emt 0:30:12] Black mates.} 42. Kd2 Re2+ 43. Kc3 Qc1+ 44. Kd3 Qc2# {[%emt 0:00:06] Quite a comeback for Black.  Weighted Error Value: White=0.79/Black=0.31} 0-1

[Event "58th Akiba Rubinstein D 2022"]
[Site "Polanica-Zdroj"]
[Date "2022.08.14"]
[Round "2.25"]
[White "Markiewicz, Czeslaw"]
[Black "Klama, Andrzej"]
[Result "1-0"]
[ECO "C00"]
[WhiteElo "1750"]
[BlackElo "1441"]
[Annotator "NA RC"]
[PlyCount "117"]
[EventDate "2022.08.13"]
[EventCountry "POL"]
[SourceTitle "playchess.com"]
[Source "ChessBase"]
[SourceQuality "1"]
[TimeControl "40/5400+30:1800+30"]

1. e4 e6 2. d4 b6 3. Nf3 Bb7 4. Bd3 Nf6 5. Qe2 d6 6. O-O Nbd7 7. Bg5 e5 8. d5 Be7 9. c4 h6 10. Bd2 c5 11. Nc3 g5 12. Ne1 Nf8 13. g3 Ng6 14. Ng2 Bc8 15. a3 Bd7 16. b4 Qc8 17. bxc5 bxc5 18. Rfb1 Kf8 19. Rb2 Kg7 20. Ne3 Bd8 21. Nb5 Bc7 22. Nf5+ Bxf5 23. exf5 Ne7 24. Nxc7 Qxc7 25. Rab1 Rhb8 26. f4 Rxb2 27. Rxb2 Nh7 28. f6+ Nxf6 29. fxe5 dxe5 30. Bc3 Nd7 31. Qf3 Rf8 32. h4 f6 33. Rh2 Rh8 34. Qh5 Qd6 35. hxg5 fxg5 36. Re2 Rf8 37. Qg4 Rf7 38. Qe6 Nc8 39. Rxe5 Kg8 40. Qxd6 Nxd6 41. Re6 Nf5 42. Kg2 h5 43. Rg6+ Kf8 44. Rxg5 Ne3+ 45. Kh3 Rf3 46. Rxh5 Nxc4 47. Rf5+ Rxf5 48. Bxf5 Ndb6 49. Be4 Nd6 50. Bf3 Ndc4 51. g4 Nxa3 52. g5 Nb5 53. Ba1 c4 54. g6 c3 55. d6 c2 56. g7+ Kg8 57. d7 c1=Q 58. d8=Q+ Kf7 59. g8=Q# 1-0

[Event "58th Akiba Rubinstein D 2022"]
[Site "Polanica-Zdroj"]
[Date "2022.08.14"]
[Round "2.26"]
[White "Michalik, Marek"]
[Black "Paziewski, Marcin"]
[Result "1-0"]
[ECO "B01"]
[WhiteElo "1742"]
[BlackElo "1413"]
[Annotator "NA RC"]
[PlyCount "99"]
[EventDate "2022.08.13"]
[EventCountry "POL"]
[SourceTitle "playchess.com"]
[Source "ChessBase"]
[SourceQuality "1"]
[TimeControl "40/5400+30:1800+30"]

1. e4 d5 2. exd5 Qxd5 3. Nc3 Qd8 4. d4 Nf6 5. Nf3 Bg4 6. Bc4 e6 7. Bf4 c6 8. Be2 Bd6 9. Qd2 Bb4 10. Bg5 Nbd7 11. Rd1 Qa5 12. a3 Bxc3 13. Qxc3 Qxc3+ 14. bxc3 Ne4 15. Bd2 O-O 16. h3 Bxf3 17. Bxf3 Ndf6 18. Ke2 Rfe8 19. Ke3 e5 20. Bxe4 exd4+ 21. cxd4 Rxe4+ 22. Kd3 Rd8 23. c3 c5 24. Bg5 Re6 25. Rhe1 cxd4 26. cxd4 Rde8 27. Rxe6 Rxe6 28. Rc1 h6 29. Rc8+ Ne8 30. Bd2 Kh7 31. d5 Re5 32. Kd4 Re2 33. Be3 Nd6 34. Rd8 Nf5+ 35. Kd3 Ra2 36. Ke4 Nxe3 37. fxe3 Rxa3 38. Rd7 b5 39. Rxf7 Kg6 40. Rb7 a6 41. d6 Kf6 42. Re7 b4 43. Kd4 Ra5 44. e4 Rb5 45. e5+ Kg6 46. d7 b3 47. d8=Q b2 48. Qe8+ Kg5 49. Rxg7+ Kh4 50. Rg4# 1-0

[Event "58th Akiba Rubinstein D 2022"]
[Site "Polanica-Zdroj"]
[Date "2022.08.14"]
[Round "2.27"]
[White "Ugorek, Kacper"]
[Black "Juszczak, Milosz"]
[Result "1-0"]
[ECO "D78"]
[WhiteElo "1747"]
[BlackElo "1387"]
[Annotator "NA RC"]
[PlyCount "93"]
[EventDate "2022.08.13"]
[EventCountry "POL"]
[SourceTitle "playchess.com"]
[Source "ChessBase"]
[SourceQuality "1"]
[TimeControl "40/5400+30:1800+30"]

1. d4 d5 2. c4 c6 3. Nf3 Nf6 4. g3 g6 5. Bg2 Bg7 6. O-O O-O 7. e3 Qb6 8. Nc3 dxc4 9. Ne5 Be6 10. Na4 Qc7 11. Nc5 Qc8 12. Nxe6 Qxe6 13. Qc2 Nbd7 14. Nxc4 Rac8 15. e4 Ne8 16. Be3 b6 17. f4 f5 18. e5 Nc7 19. Rac1 Nd5 20. Bd2 c5 21. Qb3 Nc7 22. d5 Nxd5 23. Nd6 Nxf4 24. Qxe6+ Nxe6 25. Bd5 exd6 26. Bxe6+ Rf7 27. exd6 Kf8 28. Bxf7 Kxf7 29. Bc3 Bf8 30. g4 Bxd6 31. Rcd1 Rc6 32. gxf5 g5 33. Rf3 Ne5 34. Rh3 Kg8 35. Rxd6 Rxd6 36. Bxe5 Rd5 37. Re3 b5 38. f6 b4 39. Bb8 Kf7 40. Bxa7 Kxf6 41. a3 bxa3 42. bxa3 Rd1+ 43. Kf2 Rc1 44. a4 c4 45. a5 c3 46. Rxc3 Rh1 47. Kg2 1-0

[Event "58th Akiba Rubinstein D 2022"]
[Site "Polanica-Zdroj"]
[Date "2022.08.14"]
[Round "2.28"]
[White "Suszczynski, Dominik"]
[Black "Ursnik, Patryk"]
[Result "0-1"]
[ECO "B20"]
[WhiteElo "1329"]
[BlackElo "1671"]
[Annotator "NA RC"]
[PlyCount "50"]
[EventDate "2022.08.13"]
[EventCountry "POL"]
[SourceTitle "playchess.com"]
[Source "ChessBase"]
[SourceQuality "1"]
[TimeControl "40/5400+30:1800+30"]

1. e4 c5 2. b4 e5 3. bxc5 Bxc5 4. Nf3 Nc6 5. Bc4 Nf6 6. d3 d5 7. exd5 Nxd5 8. O-O O-O 9. Bb2 Bg4 10. Nbd2 Bd4 11. Qc1 Nf4 12. Re1 Qb6 13. Bxd4 Nxd4 14. Nxd4 Qxd4 15. Nb3 Qd6 16. f3 Bh5 17. Qe3 Rfe8 18. d4 Qb4 19. Nd2 Rad8 20. Rab1 Qe7 21. dxe5 Qg5 22. g4 Rxd2 23. Kh1 Rxh2+ 24. Kg1 Rh1+ 25. Kf2 Qh4# 0-1

[Event "58th Akiba Rubinstein D 2022"]
[Site "Polanica-Zdroj"]
[Date "2022.08.14"]
[Round "2.29"]
[White "Bialik, Nikodem"]
[Black "Gorecka, Zuzanna"]
[Result "1/2-1/2"]
[ECO "C01"]
[WhiteElo "1638"]
[BlackElo "1287"]
[Annotator "NA RC"]
[PlyCount "127"]
[EventDate "2022.08.13"]
[EventCountry "POL"]
[SourceTitle "playchess.com"]
[Source "ChessBase"]
[SourceQuality "1"]
[TimeControl "40/5400+30:1800+30"]

1. e4 e6 2. d4 d5 3. exd5 exd5 4. c4 Nf6 5. Bg5 Be7 6. Nc3 c6 7. Nf3 Bf5 8. Qb3 b6 9. Be2 dxc4 10. Bxc4 O-O 11. O-O b5 12. Bxf6 Bxf6 13. Be2 a5 14. a3 a4 15. Qd1 Be6 16. Ne5 Bb3 17. Qd3 Bxe5 18. dxe5 Nd7 19. f4 Qb6+ 20. Kh1 Rfd8 21. Qg3 Nc5 22. Qe3 Rab8 23. Rac1 Nd3 24. Qxb6 Rxb6 25. Bxd3 Rxd3 26. Rf2 Rb8 27. Ne4 Rbd8 28. Nd6 Bd5 29. h3 Rxh3+ 30. Kg1 Rd3 31. Rcc2 f6 32. Rce2 Rd7 33. Kh2 Bc4 34. Nxc4 bxc4 35. e6 Re7 36. Re4 c3 37. f5 g6 38. bxc3 Rxc3 39. fxg6 hxg6 40. Rxf6 Kg7 41. Rf3 Rxf3 42. gxf3 Kf6 43. Kg3 Rxe6 44. Rxa4 Re3 45. Rc4 Rxa3 46. Rxc6+ Kg5 47. Rc5+ Kf6 48. Kg4 Ra4+ 49. f4 Rb4 50. Rc6+ Kg7 51. Kg5 Rb5+ 52. Kh4 Rb4 53. Kg4 Ra4 54. Kf3 Rb4 55. Kg3 Rb3+ 56. Kh4 Rb4 57. Kg4 Ra4 58. Re6 Rb4 59. Re7+ Kf6 60. Re8 Kf7 61. Ra8 Kg7 62. Ra6 Rc4 63. Rd6 Ra4 64. Re6 1/2-1/2

[Event "58th Akiba Rubinstein D 2022"]
[Site "Polanica-Zdroj"]
[Date "2022.08.14"]
[Round "2.30"]
[White "Szalbierz, Piotr"]
[Black "Karpinski, Andrzej"]
[Result "1-0"]
[ECO "A45"]
[WhiteElo "1407"]
[BlackElo "1634"]
[Annotator "NA RC"]
[PlyCount "58"]
[EventDate "2022.08.13"]
[EventCountry "POL"]
[SourceTitle "playchess.com"]
[Source "ChessBase"]
[SourceQuality "1"]
[TimeControl "40/5400+30:1800+30"]

1. d4 Nf6 2. Nc3 d5 3. Bf4 c6 4. e3 Bf5 5. f3 e6 6. g4 Bg6 7. h4 h5 8. g5 Nfd7 9. Bd3 Bxd3 10. Qxd3 g6 11. Nge2 a6 12. e4 Bb4 13. O-O-O b5 14. a3 Be7 15. exd5 cxd5 16. Rde1 O-O 17. Ng3 Nc6 18. Rxe6 fxe6 19. Qxg6+ Kh8 20. Nxh5 Rf7 21. Qxf7 Qg8 22. Qxg8+ Rxg8 23. Be3 Nb6 24. Ne2 Nc4 25. Bd2 e5 26. dxe5 N6xe5 27. Bc3 Kh7 28. b3 Bxa3+ 29. Kb1 b4 1-0

[Event "58th Akiba Rubinstein D 2022"]
[Site "Polanica-Zdroj"]
[Date "2022.08.15"]
[Round "3.1"]
[White "Straszewski, Tomasz"]
[Black "Wolska, Marta"]
[Result "1-0"]
[ECO "B18"]
[WhiteElo "1716"]
[BlackElo "1588"]
[Annotator "NA RC"]
[PlyCount "75"]
[EventDate "2022.08.13"]
[EventCountry "POL"]
[SourceTitle "playchess.com"]
[Source "ChessBase"]
[SourceQuality "1"]
[TimeControl "40/5400+30:1800+30"]

1. e4 c6 2. d4 d5 3. Nc3 dxe4 4. Nxe4 Bf5 5. Ng3 Bg6 6. h4 h6 7. h5 Bh7 8. Nf3 Nd7 9. Bd3 Bxd3 10. Qxd3 Ngf6 11. Bf4 Qa5+ 12. Bd2 Qc7 13. O-O-O e6 14. Ne4 Nxe4 15. Qxe4 Nf6 16. Qe2 O-O-O 17. Rh4 Be7 18. Ne5 Nd7 19. Rg4 Nxe5 20. dxe5 Rhg8 21. Re1 Rd5 22. c4 Rdd8 23. Rh1 Qb6 24. Rh3 Bb4 25. Bxb4 Qxb4 26. Rhg3 Qf8 27. Qe3 Kb8 28. a3 Rd7 29. Qxh6 Qd8 30. Qe3 Rd1+ 31. Kc2 Rh1 32. Rxg7 Qd1+ 33. Kc3 Rxg7 34. Rxg7 Re1 35. Qd2 Qxd2+ 36. Kxd2 Rxe5 37. h6 Rh5 38. h7 1-0

[Event "58th Akiba Rubinstein D 2022"]
[Site "Polanica-Zdroj"]
[Date "2022.08.15"]
[Round "3.2"]
[White "Litwin, Tomasz"]
[Black "Urbanski, Wojciech"]
[Result "1/2-1/2"]
[ECO "A00"]
[WhiteElo "1580"]
[BlackElo "1632"]
[Annotator "NA RC"]
[PlyCount "36"]
[EventDate "2022.08.13"]
[EventCountry "POL"]
[SourceTitle "playchess.com"]
[Source "ChessBase"]
[SourceQuality "1"]
[TimeControl "40/5400+30:1800+30"]

1. b4 d5 2. Bb2 e6 3. e3 Nf6 4. b5 c5 5. Nf3 Be7 6. c4 Nbd7 7. Be2 O-O 8. O-O Qc7 9. d3 b6 10. Qb3 Bb7 11. Nbd2 Bd6 12. h3 Rfd8 13. Rfd1 Ne5 14. Nxe5 Bxe5 15. a4 Bxb2 16. Qxb2 a5 17. Rac1 Rac8 18. Bf3 Nd7 1/2-1/2

[Event "58th Akiba Rubinstein D 2022"]
[Site "Polanica-Zdroj"]
[Date "2022.08.15"]
[Round "3.3"]
[White "Mareau, Timothe"]
[Black "Jasiulewicz, Dawid"]
[Result "0-1"]
[ECO "B21"]
[WhiteElo "1590"]
[BlackElo "1525"]
[Annotator "NA RC"]
[PlyCount "165"]
[EventDate "2022.08.13"]
[EventCountry "POL"]
[SourceTitle "playchess.com"]
[Source "ChessBase"]
[SourceQuality "1"]
[TimeControl "40/5400+30:1800+30"]

1. e4 c5 2. d4 cxd4 3. c3 dxc3 4. Nxc3 Nc6 5. Nf3 d6 6. Bc4 e6 7. O-O Nf6 8. Qe2 a6 9. Rd1 Qc7 10. Bf4 Be7 11. Rac1 O-O 12. Bb3 Qb8 13. Na4 b5 14. Rxc6 bxa4 15. Bxa4 Bd7 16. Rc4 Bxa4 17. Rxa4 Qb5 18. Qxb5 axb5 19. Rxa8 Rxa8 20. Bxd6 Bxd6 21. Rxd6 h6 22. a3 b4 23. Rd3 Nxe4 24. Kf1 bxa3 25. bxa3 Nc5 26. Rc3 Ne4 27. Rb3 Ra5 28. Ke2 Nd6 29. Nd2 Nb5 30. Rd3 Rxa3 31. Rd8+ Kh7 32. Ne4 Ra7 33. g3 Re7 34. h4 Kg6 35. Nc5 e5 36. Ke3 Kf5 37. Ne4 Nd4 38. f3 h5 39. Rd6 f6 40. g4+ Kg6 41. Ng3 Ra7 42. gxh5+ Kf7 43. Ke4 Ra3 44. h6 gxh6 45. Nh5 Ne6 46. Rd7+ Kg6 47. Rd6 Ra4+ 48. Ke3 Kxh5 49. Rxe6 Kg6 50. h5+ Kf5 51. Re8 Rh4 52. Kf2 Kf4 53. Re6 Kf5 54. Re8 Rxh5 55. Rh8 Kf4 56. Kg2 f5 57. Ra8 Rg5+ 58. Kf2 h5 59. Ra7 Rg8 60. Ra4+ e4 61. fxe4 fxe4 62. Ra7 Re8 63. Rf7+ Kg4 64. Rg7+ Kh3 65. Rg1 h4 66. Ke3 Kh2 67. Rg4 h3 68. Rg6 Kh1 69. Rg7 h2 70. Rg6 Rf8 71. Ke2 Ra8 72. Kf1 Ra1+ 73. Kf2 e3+ 74. Kxe3 Rg1 75. Rf6 Kg2 76. Rg6+ Kf1 77. Rf6+ Ke1 78. Ra6 Rg3+ 79. Kf4 Rf3+ 80. Ke4 Rh3 81. Ra1+ Kf2 82. Ra2+ Kg3 83. Kd4 0-1

[Event "58th Akiba Rubinstein D 2022"]
[Site "Polanica-Zdroj"]
[Date "2022.08.15"]
[Round "3.4"]
[White "Wilgosz, Jan"]
[Black "Gibala, Adam"]
[Result "0-1"]
[ECO "C00"]
[WhiteElo "1597"]
[BlackElo "1549"]
[Annotator "NA RC"]
[PlyCount "82"]
[EventDate "2022.08.13"]
[EventCountry "POL"]
[SourceTitle "playchess.com"]
[Source "ChessBase"]
[SourceQuality "1"]
[TimeControl "40/5400+30:1800+30"]

1. e4 e6 2. d4 d5 3. Bd3 c5 4. exd5 exd5 5. dxc5 Bxc5 6. Nf3 Ne7 7. h3 Nbc6 8. O-O O-O 9. a3 a5 10. Nc3 Qd6 11. Bg5 f6 12. Bh4 g5 13. Bxg5 fxg5 14. Nxg5 h6 15. Qh5 Bf5 16. Nb5 Qf6 17. Bxf5 Nxf5 18. Nf3 Qf7 19. Qg4+ Qg7 20. Qxg7+ Kxg7 21. Nc7 Bb6 22. Nxa8 Rxa8 23. Kh1 Kf6 24. Rad1 Rd8 25. g4 Nfd4 26. Nxd4 Nxd4 27. c3 Nf3 28. Kg2 Ne5 29. b4 a4 30. c4 Nxc4 31. Rd3 Ne5 32. Rg3 d4 33. f4 Nc4 34. g5+ Kf5 35. Re1 d3 36. Kf3 d2 37. Rd1 Nb2 38. Ke2 Nxd1 39. Kxd1 Bf2 40. Rg2 Be1 41. g6 Rc8 0-1

[Event "58th Akiba Rubinstein D 2022"]
[Site "Polanica-Zdroj"]
[Date "2022.08.15"]
[Round "3.5"]
[White "Meizlin, Yaacov"]
[Black "Wilgosz, Tomasz"]
[Result "1-0"]
[ECO "C00"]
[WhiteElo "1938"]
[BlackElo "1513"]
[Annotator "TA"]
[PlyCount "117"]
[EventDate "2022.08.13"]
[EventCountry "POL"]
[SourceTitle "playchess.com"]
[Source "ChessBase"]
[SourceQuality "1"]
[TimeControl "40/5400+30:1800+30"]

1. e4 e6 2. d3 d5 3. c3 dxe4 4. dxe4 Qxd1+ 5. Kxd1 Bc5 6. f3 {C00: French: Unusual White 2nd moves.} Nf6 {[#]} 7. Bf4 $146 ({Predecessor:} 7. Bd3 e5 8. Ke2 O-O 9. Be3 Nbd7 10. Nd2 Bxe3 11. Kxe3 Nb6 12. Rd1 Be6 13. b3 {1-0 (60) Stanek,S (1971)-Vincze,R (2125) Czech Republic 2016}) 7... Bb6 8. a4 {White is slightly better.} a5 (8... Nc6 $11 {was preferrable.}) 9. Na3 $14 Nc6 10. Nc4 {Against e5} Kd7 (10... e5 $142) 11. Kc2 $16 Rd8 12. g4 (12. Nxb6+ $18 cxb6 13. Bb5) 12... h5 (12... Bc5 $16) 13. gxh5 (13. Nxb6+ $18 {has better winning chances.} cxb6 14. g5) 13... Nxh5 14. Rd1+ (14. Nxb6+ $16 cxb6 15. Rd1+ Ke7 16. Bc7) 14... Ke7 (14... Nd4+ $1 $11 {keeps the balance.} 15. cxd4 Nxf4) 15. Nxb6 cxb6 16. Bc7 {[%csl LRb6,LRd8] This bishop pair is nice.} Rxd1 17. Kxd1 Bd7 18. Bb5 Na7 19. Bxd7 {White is more active.} Kxd7 20. Bxb6 Nc6 21. Be3 Ne5 22. Kc2 Rh8 {[#]} (22... Rf8 $14) 23. h3 (23. h4 $1 $16) 23... f5 (23... Ng3 $11 {remains equal.} 24. Rh2 Nf1) 24. Bd4 Kd6 25. Rh2 Nc6 26. Rd2 {aiming for Bxg7+.} Nxd4+ 27. Rxd4+ {[%mdl 4096] Endgame KRN-KRN} Kc6 {[#]} (27... Kc7 $16) 28. e5 $1 $18 Re8 29. Ne2 g5 30. h4 Nf4 31. Nxf4 gxf4 {KR-KR} 32. b4 Rh8 33. Rd6+ (33. Rxf4 Kd5 34. bxa5 (34. Rd4+ Kxe5 35. bxa5 Rh7 $18) 34... Kxe5 $18) (33. bxa5 $6 Rxh4 34. Rd6+ Kc7 35. Rxe6 Rh3 $18) 33... Kc7 34. Rxe6 ({Don't take} 34. bxa5 $6 Rxh4 35. Rxe6 Rh3 $18) 34... Rxh4 35. Rf6 Rh3 36. Rxf5 (36. Rf7+ $18 {is more deadly.} Kc6 37. Rf6+ (37. Rxf5 Rxf3 38. bxa5 Kd5 $14) 37... Kd5 38. e6 (38. bxa5 Rxf3 39. e6 Kd6 $14)) 36... Rxf3 $16 37. b5 Rf2+ $2 {[%mdl 8192] Black cannot hold the game after this.} (37... Re3 $16) 38. Kd3 $18 {Strongly threatening Ke4.} f3 39. Rf7+ Kc8 (39... Kb6 $142 40. c4 Rf1) 40. Kd4 Ra2 41. Rxf3 Rxa4+ 42. Kd5 {White mates.} Ra1 43. b6 Rb1 44. Rf8+ Kd7 45. e6+ Ke7 46. Rf7+ Ke8 47. Rxb7 a4 48. Kc5 a3 49. Ra7 a2 50. Rxa2 Ke7 51. Ra4 Kxe6 52. Rb4 Rxb4 53. Kxb4 {KP-KP} Kd6 54. c4 Kc6 55. c5 Kb7 56. Kb5 Kb8 57. Ka6 Ka8 58. b7+ Kb8 59. c6 {Weighted Error Value: White=0.16 (very precise) /Black=0.51} 1-0

[Event "58th Akiba Rubinstein D 2022"]
[Site "Polanica-Zdroj"]
[Date "2022.08.15"]
[Round "3.6"]
[White "Zerebiec, Maurycy"]
[Black "Rosa, Antoni"]
[Result "1-0"]
[ECO "A36"]
[WhiteElo "1915"]
[BlackElo "1598"]
[Annotator "RC"]
[PlyCount "55"]
[EventDate "2022.08.13"]
[EventCountry "POL"]
[SourceTitle "playchess.com"]
[Source "ChessBase"]
[SourceQuality "1"]
[TimeControl "40/5400+30:1800+30"]

1. c4 c5 2. Nc3 Nc6 3. g3 g6 4. Bg2 Bg7 5. d3 d6 6. e4 e5 7. Nge2 Nge7 8. O-O O-O 9. Be3 f5 10. Qd2 Nd4 11. Bg5 Bf6 12. Bxf6 Rxf6 13. f4 Nec6 14. Nxd4 Nxd4 15. Nd5 Rf7 16. fxe5 dxe5 17. Rae1 Qd6 18. Qg5 Be6 19. exf5 Bxf5 20. g4 Bxd3 21. Rxf7 Kxf7 22. Rxe5 Ne2+ 23. Kh1 Kg8 24. Nf6+ Kh8 25. Ne8 Qf8 26. Re7 Qf4 27. Rxh7+ Kg8 28. Rg7+ 1-0

[Event "58th Akiba Rubinstein D 2022"]
[Site "Polanica-Zdroj"]
[Date "2022.08.15"]
[Round "3.7"]
[White "Milczarek, Robert"]
[Black "Lewandrowski, Tomasz"]
[Result "0-1"]
[ECO "D58"]
[WhiteElo "1653"]
[BlackElo "1902"]
[Annotator "TA"]
[PlyCount "60"]
[EventDate "2022.08.13"]
[EventCountry "POL"]
[SourceTitle "playchess.com"]
[Source "ChessBase"]
[SourceQuality "1"]
[TimeControl "40/5400+30:1800+30"]

1. d4 d5 2. c4 e6 3. Nc3 Be7 4. Nf3 Nf6 5. Bg5 h6 6. Bh4 O-O 7. e3 b6 8. Qc2 Bb7 9. Bxf6 Bxf6 10. cxd5 exd5 11. O-O-O Nd7 (11... c5 $11) 12. h4 $14 {D58: Queen's Gambit Declined: Tartakower Defence.} g6 13. g4 Bg7 14. g5 (14. h5 $14) 14... h5 $1 $11 {[#]} 15. Be2 $146 (15. Kb1) (15. Kb1 $11) ({Predecessor:} 15. Ne1 Re8 16. Ng2 Nf8 17. f4 f5 18. gxf6 Qxf6 19. Rh3 Rad8 20. Rg3 Bc8 21. Kb1 {0-1 (31) Stojanovski,I (2310)-Dimovski,N (2385) Struga 1991}) 15... Re8 16. Ng1 Qe7 (16... Rc8 17. Nf3 a6) ({Better is} 16... Rc8 $17) 17. Nh3 (17. Rh3) (17. Kb1 $11) 17... Nf8 (17... c5 18. Kb1 cxd4 19. exd4 Nb8) (17... c5 $17 18. Kb1 cxd4 19. exd4 Nb8) 18. Nf4 c6 19. Rdg1 (19. Bxh5 gxh5 20. Nxh5) (19. Bxh5 $11 {keeps the balance.} gxh5 20. Nxh5) 19... Ne6 $17 20. Nxg6 fxg6 $19 21. Qxg6 {[#]} Nf8 $2 (21... c5 22. dxc5 (22. Bxh5 cxd4 23. Ne2 dxe3) 22... d4) (21... c5 $1 $19 22. dxc5 (22. Bxh5 $2 cxd4 23. Ne2 Nf8 $19) 22... d4) 22. Qxh5 $11 c5 23. Qg4 (23. Rd1) (23. Rd1 $1 $11 {and White has nothing to worry.}) 23... cxd4 24. exd4 Rac8 25. Bd3 Qb4 26. Bc2 Bxd4 {Really sharp!} ({Wrong is} 26... Qxd4 $2 27. Qxd4 Bxd4 28. Bb3 $19) 27. a3 {[#]} (27. Rg3 $142) 27... Re1+ $3 $19 28. Rxe1 {[#]} Be3+ $1 {[%mdl 576] Discovered Attack} 29. Rxe3 $2 (29. Kb1 Qxg4 30. fxe3) (29. fxe3 Qxg4) 29... Qxg4 30. Rg3 Qf4+ {Weighted Error Value: White=0.87/Black=0.31} 0-1

[Event "58th Akiba Rubinstein D 2022"]
[Site "Polanica-Zdroj"]
[Date "2022.08.15"]
[Round "3.8"]
[White "Owoc, Jakub"]
[Black "Perek, Oskar"]
[Result "1-0"]
[ECO "C45"]
[WhiteElo "1756"]
[BlackElo "1555"]
[Annotator "NA RC"]
[PlyCount "67"]
[EventDate "2022.08.13"]
[EventCountry "POL"]
[SourceTitle "playchess.com"]
[Source "ChessBase"]
[SourceQuality "1"]
[TimeControl "40/5400+30:1800+30"]

1. e4 e5 2. Nf3 Nc6 3. d4 exd4 4. Nxd4 Nf6 5. Nxc6 bxc6 6. e5 Qe7 7. Qe2 Nd5 8. c4 Ba6 9. b3 g6 10. Bb2 Bg7 11. g3 O-O 12. Bg2 Rfe8 13. O-O Rab8 14. Re1 f6 15. Qe4 f5 16. Qc2 Nb6 17. Nd2 c5 18. f4 Bb7 19. Bxb7 Rxb7 20. Nf3 h6 21. Rad1 Qf7 22. Re3 Rbb8 23. Red3 Rbd8 24. Qf2 Bf8 25. a4 Be7 26. a5 Nc8 27. Rxd7 Qf8 28. Qd2 Kh7 29. Qc3 a6 30. R1d2 Rxd7 31. Rxd7 Rd8 32. Qd3 c6 33. e6 Nd6 34. Qxd6 1-0